Cogmind - Beta 15 @@@ ROGUE MODE // 2025.05.05 @ 21:18:48 Player: _An Result: Destroyed by X-57 Shotgunner with High-powered Shotgun Performance ------------- Evolutions (3) 1500 Regions Visited (6) 1200 Robots Destroyed (32) 160 Value Destroyed (753) 753 Prototype IDs (0) 0 Alien Tech Used (0) 0 Bonus (500) 500 TOTAL SCORE: 4113 Bonus ------- Entered DSFs 500 Cogmind --------- Core Integrity 0/700 Matter 290/300 Energy 79/100 System Corruption 0% Temperature Cool (0) Movement Treading (150) Location -7/DSF Parts ------- > --- POWER (1) -------- (None) > --- PROPULSION (5) --- Advanced Treads Advanced Treads Medium Treads > --- UTILITY (5) ------ Small Storage Unit Medium Storage Unit Terrain Scan Processor Hacking Suite > --- WEAPON (2) ------- (None) > --- INVENTORY (10) --- Faulty Improved VTOL Module Advanced Terrain Scan Processor Light Assault Rifle Mace Peak State ------------ > --- POWER ------------ (None) > --- PROPULSION ------- Aluminum Leg Titanium Leg Improved Carbon-fiber Leg Improved Carbon-fiber Leg Improved Carbon-fiber Leg > --- UTILITY ---------- Small Storage Unit Medium Storage Unit Visual Processing Unit Terrain Scan Processor Hacking Suite > --- WEAPON ----------- Light Assault Rifle > --- INVENTORY -------- Improved VTOL Module Advanced Terrain Scan Processor Grenade Launcher Mace Heavy Mace [Rating: 27] Favorites ----------- Power Ion Engine Engine Ion Engine Propulsion Improved Aluminum Leg Treads Advanced Treads Leg Improved Aluminum Leg Utility Small Storage Unit Storage Small Storage Unit Processor Visual Processing Unit Hackware Hacking Suite Protection Hardened Medium Armor Plating Weapon Shotgun Energy Gun EM Pulse Gun Ballistic Gun Shotgun Launcher Grenade Launcher Impact Weapon Mace Build | -11 -10 -9 -9 -8 -7 -7 ------- Run | Yrd Mat Mat Sto Mat Fac DSF Slots Evolved 6 | . . 2 . 2 2 . Power . | . . . . . . . Propulsion 3 | . . 1 . 1 1 . Utility 3 | . . 1 . 1 1 . Weapon . | . . . . . . . Parts Attached 33 | 7 1 5 3 5 3 9 Power 3 | 1 . . 1 . 1 . Engine 3 | 1 . . 1 . 1 . Core . | . . . . . . . Reactor . | . . . . . . . Propulsion 15 | 2 . 3 1 2 . 7 Treads 3 | . . . . . . 3 Leg 12 | 2 . 3 1 2 . 4 Wheel . | . . . . . . . Hover . | . . . . . . . Flight . | . . . . . . . Utility 6 | 1 1 1 . 1 1 1 Device . | . . . . . . . Storage 2 | 1 . 1 . . . . Processor 2 | . 1 . . 1 . . Hackware 1 | . . . . . 1 . Protection 1 | . . . . . . 1 Artifact . | . . . . . . . Weapon 9 | 3 . 1 1 2 1 1 Energy Gun 2 | 2 . . . . . . Energy Cannon . | . . . . . . . Ballistic Gun 4 | 1 . 1 . 1 1 . Ballistic Cannon . | . . . . . . . Launcher 1 | . . . . . . 1 Special Weapon . | . . . . . . . Impact Weapon 2 | . . . 1 1 . . Slashing Weapon . | . . . . . . . Piercing Weapon . | . . . . . . . Special Melee Weapon . | . . . . . . . Unidentified Prototypes . | . . . . . . . Parts Lost 24 | . . 2 4 5 . 13 Power 3 | . . . 1 1 . 1 Propulsion 12 | . . . 2 3 . 7 Utility 2 | . . . . . . 2 Weapon 7 | . . 2 1 1 . 3 Highest Loss Streak 8 | . . 2 4 4 . 8 To Critical Strikes . | . . . . . . . Average Backups 5 | 2 4 4 5 6 5 4 Power . | . 1 1 1 1 . . Propulsion 2 | 1 2 3 3 1 1 1 Utility . | . . . . . . 1 Weapon 1 | . 1 . . 3 3 2 Tool/Special . | . . . . . . . Unused Backups 4 | . . 2 . . . 2 Power . | . . . . . . . Propulsion 3 | . . 2 . . . 1 Utility 1 | . . . . . . 1 Weapon . | . . . . . . . Tool/Special . | . . . . . . . Average Slot Usage (%) 86 | . 94 81 97 89 77 64 Engine 8 | . 14 11 10 8 3 2 Leg 27 | . 28 28 30 31 22 16 Storage 17 | . 14 12 22 18 15 15 Processor 11 | . 8 11 11 13 15 12 Hackware 1 | . . . . . 6 7 Energy Gun 4 | . 28 14 . . . . Ballistic Gun 12 | . . 4 20 13 14 5 Impact Weapon 1 | . . . 1 4 . 1 Peak Build Rating 27 | 6 8 14 15 21 22 27 Average Rating 14 | 4 7 10 14 17 20 18 On Entrance 11 | . 6 8 14 13 15 22 Naked Turns . | . . . . . . . Heaviest Build 26 | 14 14 25 25 26 26 26 Greatest Support 64 | 20 20 39 39 53 40 64 Greatest Overweight (x) 7 | 2 . . . . . 7 Average Overweight (x) . | . . . . . . . Largest Inventory Capacity 10 | 8 8 10 10 10 10 10 Average Capacity 9 | 7 8 8 10 10 10 10 Most Carried 9 | 5 4 7 7 9 8 5 Average Carried 5 | 2 4 4 5 6 4 4 Final Capacity 10 | 8 8 10 10 10 10 10 Final Carried 8 | 4 4 5 6 8 5 4 Class Distribution -------------------- 100% | Mutant Dominant Class ---------------- Mutant | -10/Materials Mutant | -9/Materials Mutant | -9/Storage Mutant | -8/Materials Mutant | -7/Factory Mutant | -7/DSF Resources | -11 -10 -9 -9 -8 -7 -7 ----------- Run | Yrd Mat Mat Sto Mat Fac DSF Matter Collected 829 | 241 27 75 268 120 . 98 Remotely . | . . . . . . . Salvage Created 1121 | 89 . 212 549 106 . 165 Parts 69 | 6 . 16 36 6 . 5 Haulers Intercepted . | . . . . . . . Recyclers Shooed 2 | . . 1 1 . . . Parts Field Recycled . | . . . . . . . Retrieved Matter . | . . . . . . . Parts Self-Destructed . | . . . . . . . Prevented . | . . . . . . . Kills | -11 -10 -9 -9 -8 -7 -7 ------- Run | Yrd Mat Mat Sto Mat Fac DSF Combat Hostiles Destroyed 26 | . . 7 15 2 . 2 Melee 2 | . . . . 1 . 1 Guns 21 | . . 5 15 1 . . AOE 2 | . . 2 . . . . Classes Destroyed 8 | 2 . 4 1 . . 1 Worker 2 | . . . 1 1 . . Tunneler 1 | 1 . . . . . . Recycler 2 | 1 . . 1 . . . Operator 1 | . . 1 . . . . Swarmer 12 | . . 4 8 . . . Grunt 5 | . . 2 3 . . . Sentry 8 | . . 1 4 2 . 1 Specialist 1 | . . . . . . 1 Best Kill Streak 5 | 2 . 3 5 2 . 1 Combat Bots Only 5 | . . 3 5 1 . 1 Max Kills in Single Turn 2 | 1 . 2 2 1 . 1 Gunslinging 1 | . . . 1 . . . Exploded 2 | . . 2 . . . . Melee 1 | . . . . 1 . 1 Uniques/NPCs Destroyed . | . . . . . . . Combat | -11 -10 -9 -9 -8 -7 -7 -------- Run | Yrd Mat Mat Sto Mat Fac DSF Hostile Shots Fired 454 | . . 58 68 58 . 270 Missed 163 | . . 23 12 16 . 112 Hits 291 | . . 35 56 42 . 158 Projectile 291 | . . 35 56 42 . 158 Critical Strikes 5 | . . . 1 . . 4 Damage Taken 3930 | . . 319 626 649 . 2336 Core 1040 | . . 81 134 120 . 705 Absorbed by Shields . | . . . . . . . Core Remaining (%) 81 | 100 100 . 46 78 . . Volleys Fired 75 | 6 . 23 33 12 . 1 Largest 2 | 2 . 2 2 2 . 1 Hottest 80 | 80 . 80 43 48 . 30 Shots Fired 135 | 12 . 38 64 20 . 1 Gun 134 | 12 . 38 64 20 . . Cannon . | . . . . . . . Launcher 1 | . . . . . . 1 Special . | . . . . . . . Kinetic 96 | . . 12 64 20 . . Thermal . | . . . . . . . Explosive 1 | . . . . . . 1 Electromagnetic 38 | 12 . 26 . . . . Robot Hit Streak 13 | 4 . 6 7 13 . 5 Robot Miss Streak 3 | 1 . 3 3 3 . . Penetration Max . | . . . . . . . Secondary Targets 4 | . . 2 2 . . . Max Gunslinging Chain 1 | . . 1 1 . . . Shots Hit Robots 109 | 8 . 22 49 23 . 7 Core Hits 53 | 3 . 11 26 8 . 5 Critical Kills 1 | . . . . 1 . . Critical Parts Destroyed 2 | . . . . 1 . 1 Critical Strikes 3 | . . . . 2 . 1 Smash 3 | . . . . 2 . 1 Melee Attacks 16 | . . . 1 6 . 9 Impact 16 | . . . 1 6 . 9 Slashing . | . . . . . . . Piercing . | . . . . . . . Sneak Attacks 1 | . . . 1 . . . Combat Hostiles . | . . . . . . . Follow-up Attacks . | . . . . . . . Damage Inflicted 2343 | 131 . 498 772 472 . 470 Guns 1394 | 94 . 272 726 302 . . Cannons . | . . . . . . . Explosions 476 | 37 . 226 . . . 213 Melee 466 | . . . 46 165 . 255 Ramming 7 | . . . . 5 . 2 Kinetic 1138 | . . 110 726 302 . . Thermal 263 | 37 . 226 . . . . Explosive 213 | . . . . . . 213 Electromagnetic 256 | 94 . 162 . . . . Impact 466 | . . . 46 165 . 255 Slashing . | . . . . . . . Piercing . | . . . . . . . Highest Corruption . | . . . . . . . Average Corruption . | . . . . . . . Corruption Purged . | . . . . . . . Corruption Blocked . | . . . . . . . Overload Shots . | . . . . . . . Overflow Damage 98 | . . 15 21 33 . 29 Projectiles . | . . . . . . . Explosions 15 | . . 15 . . . . Melee 83 | . . . 21 33 . 29 Knockbacks 1 | . . . . . . 1 Impact 1 | . . . . . . 1 Kinetic . | . . . . . . . Secondary . | . . . . . . . Self-Inflicted Damage . | . . . . . . . Shots . | . . . . . . . Rammed 1 | . . . . . . 1 Targets Rammed 2 | . . . . 1 . 1 Kicked 1 | . . . . 1 . . Crushed . | . . . . . . . Highest Temperature 108 | 108 . 45 . 4 . . Average Temperature 30 | 56 . 17 . 4 . . Received Heat Transfer 804 | . . 48 156 135 . 465 Siege Activations . | . . . . . . . Martial Activations . | . . . . . . . Shielding Activations . | . . . . . . . Robots Disrupted . | . . . . . . . Combat Hostiles . | . . . . . . . Robots Corrupted 1 | . . . . . . 1 Combat Hostiles 1 | . . . . . . 1 Parts Fried 3 | 1 . . . 1 . 1 Impact Corruptions 3 | . . . 1 1 . 1 Robots Melted . | . . . . . . . Combat Hostiles . | . . . . . . . Parts Melted . | . . . . . . . Heat Transferred 450 | 100 . 350 . . . . Parts Sabotaged . | . . . . . . . Parts Stolen . | . . . . . . . Parts Stripped . | . . . . . . . Power Chain Reactions 4 | 1 . 3 . . . . Alert | -11 -10 -9 -9 -8 -7 -7 ------- Run | Yrd Mat Mat Sto Mat Fac DSF Maximum Alert Level 1 | . . . 1 . . . Low Security (%) 98 | 100 100 100 95 100 100 100 Level 1 1 | . . . 4 . . . Level 2 . | . . . . . . . Level 3 . | . . . . . . . Level 4 . | . . . . . . . Level 5 . | . . . . . . . High Security . | . . . . . . . Max Security . | . . . . . . . Peak Influence 210 | 10 5 110 210 72 4 45 Initial 72 | . . . 33 72 . 2 Average 52 | . . 62 110 31 . 8 Influence Increases 799 | 10 5 205 418 70 4 87 Destroy 0b10 Robot/C 520 | . . 140 300 40 . 40 Destroy 0b10 Robot/NC 35 | 10 . 5 10 5 . 5 Destroy Leader 140 | . . 40 70 20 . 10 Successful Hack 24 | . 5 5 5 5 4 . Destroy Structure 20 | . . 15 3 . . 2 Lose Combat Pursuer 60 | . . . 30 . . 30 Influence Decreases 794 | 10 5 125 325 243 . 86 Entered New Map 150 | . . . 47 101 . 2 Time Decay 485 | 10 5 105 238 127 . . Lost Part 159 | . . 20 40 15 . 84 Squads Dispatched 8 | . 1 2 2 . . 3 Investigation 1 | . . 1 . . . . Extermination . | . . . . . . . Reinforcement 5 | . 1 1 . . . 3 Assault . | . . . . . . . Garrison 2 | . . . 2 . . . Intercept . | . . . . . . . Searches Triggered . | . . . . . . . Construction Impeded . | . . . . . . . Haulers Reinforced . | . . . . . . . Active Scanning Responses . | . . . . . . . Cargo Convoy Interrupts . | . . . . . . . Stealth | -11 -10 -9 -9 -8 -7 -7 --------- Run | Yrd Mat Mat Sto Mat Fac DSF Distress Signals 7 | . 2 . 4 1 . . Communications Jammed . | . . . . . . . Distress Signals . | . . . . . . . Times Spotted 57 | . 2 10 20 11 . 14 Peak Tracking Total 9 | . 1 4 6 7 . 9 Tactical Retreats 4 | . . . 2 . . 2 Traps | -11 -10 -9 -9 -8 -7 -7 ------- Run | Yrd Mat Mat Sto Mat Fac DSF Traps Triggered 1 | . . . 1 . . . Indirectly . | . . . . . . . Trap Hack Attempts . | . . . . . . . Triggered . | . . . . . . . Disarmed . | . . . . . . . Reprogrammed . | . . . . . . . Reused . | . . . . . . . Traps Extracted . | . . . . . . . Installed . | . . . . . . . Triggered . | . . . . . . . Machines | -11 -10 -9 -9 -8 -7 -7 ---------- Run | Yrd Mat Mat Sto Mat Fac DSF Machines Disabled . | . . . . . . . Max in Single Turn . | . . . . . . . Machines Repaired . | . . . . . . . Machines Dismantled . | . . . . . . . Machines Sabotaged . | . . . . . . . Overloaded Fab Kills . | . . . . . . . Hacking | -11 -10 -9 -9 -8 -7 -7 --------- Run | Yrd Mat Mat Sto Mat Fac DSF Machines Accessed 7 | . 2 1 2 1 1 . Terminals 6 | . 2 1 1 1 1 . Fabricators . | . . . . . . . Repair Stations . | . . . . . . . Recycling Units . | . . . . . . . Scanalyzers . | . . . . . . . Garrison Access 1 | . . . 1 . . . Total Hacks 21 | . 5 4 5 3 4 . Successful 7 | . 2 1 2 1 1 . Failed 14 | . 3 3 3 2 3 . Catastrophic 2 | . . 1 . 1 . . Database Lockouts . | . . . . . . . Manual 13 | . 5 3 2 3 . . Terminals 19 | . 5 4 3 3 4 . Fabricators . | . . . . . . . Repair Stations . | . . . . . . . Recycling Units . | . . . . . . . Scanalyzers . | . . . . . . . Garrison Access 2 | . . . 2 . . . Terminal Hacks 3 | . . . 2 . 1 . Open DSF 1 | . . . . . 1 . Locate Traps 1 | . . . 1 . . . Zone Layout 1 | . . . 1 . . . Fabricator Hacks . | . . . . . . . Repair Station Hacks . | . . . . . . . Recycling Unit Hacks . | . . . . . . . Scanalyzer . | . . . . . . . Garrison Access Hacks . | . . . . . . . Unauthorized Hacks 4 | . 2 1 . 1 . . Terminals 4 | . 2 1 . 1 . . Botnet 4 | . 2 1 . 1 . . Fabricators . | . . . . . . . Repair Stations . | . . . . . . . Recycling Units . | . . . . . . . Scanalyzers . | . . . . . . . Garrison Access . | . . . . . . . Data Cores Recovered 1 | . . 1 . . . . Used . | . . . . . . . Hacking Detections 7 | . 2 1 2 1 1 . Full Trace Events 1 | . . 1 . . . . Feedback Events . | . . . . . . . Feedback Blocked . | . . . . . . . Robot Schematics Acquired . | . . . . . . . Robots Built . | . . . . . . . Authchips . | . . . . . . . Time . | . . . . . . . Total Robot Build Rating . | . . . . . . . Part Schematics Acquired . | . . . . . . . Parts Built . | . . . . . . . Authchips . | . . . . . . . Time . | . . . . . . . Total Part Build Rating . | . . . . . . . Parts Repaired . | . . . . . . . Time . | . . . . . . . Parts Recycled . | . . . . . . . Recycled Matter . | . . . . . . . Retrieved Matter . | . . . . . . . Retrieved Components . | . . . . . . . Parts Scanalyzed . | . . . . . . . Part Schematics Acquired . | . . . . . . . Parts Damaged . | . . . . . . . Bothacking | -11 -10 -9 -9 -8 -7 -7 ------------ Run | Yrd Mat Mat Sto Mat Fac DSF Used RIF Installer . | . . . . . . . Robots Hacked . | . . . . . . . Non-combat . | . . . . . . . Combat . | . . . . . . . Robot Hacks Applied . | . . . . . . . Relay Couplers Released . | . . . . . . . Fabnet Peak Effective % . | . . . . . . . Robots Rewired . | . . . . . . . Allies Hacked . | . . . . . . . Hacks Repelled . | . . . . . . . Allies | -11 -10 -9 -9 -8 -7 -7 -------- Run | Yrd Mat Mat Sto Mat Fac DSF Total Allies . | . . . . . . . Largest Group . | . . . . . . . Highest-Rated Group . | . . . . . . . Highest-Rated Ally . | . . . . . . . Total Orders . | . . . . . . . Ally Attacks . | . . . . . . . Total Damage . | . . . . . . . Kills . | . . . . . . . Allies Corrupted . | . . . . . . . Allies Melted . | . . . . . . . Intel | -11 -10 -9 -9 -8 -7 -7 ------- Run | Yrd Mat Mat Sto Mat Fac DSF Active Infowar (turns) 1369 | . 80 237 509 288 129 126 Optics 1369 | . 80 237 509 288 129 126 Robot Analysis Total . | . . . . . . . Derelict Logs Recovered . | . . . . . . . Drone Launches . | . . . . . . . Drone Recoveries . | . . . . . . . Exploration | -11 -10 -9 -9 -8 -7 -7 ------------- Run | Yrd Mat Mat Sto Mat Fac DSF Turns Passed 1565 | 97 117 237 509 288 129 188 Spaces Moved 873 | 56 94 132 280 148 72 91 Core 17 | 11 . . . . . 6 Treads 4 | . . . . . . 4 Legs 852 | 45 94 132 280 148 72 81 Wheels . | . . . . . . . Hover . | . . . . . . . Flight . | . . . . . . . Fastest Speed 50 | 50 120 120 120 120 123 105 Average Speed 123 | 112 120 120 120 120 123 151 Slowest Speed 400 | 150 120 120 120 125 125 400 Overloaded Moves . | . . . . . . . Propulsion Burnouts . | . . . . . . . Robots Hopped . | . . . . . . . Potential Cave-ins . | . . . . . . . Cave-ins Triggered . | . . . . . . . Exploration Rate (%) 31 | 6 29 22 60 22 2 76 Regions Visited 6 Branch Regions 1 Pre-discovered Areas . | . . . . . . . Known Exits Taken 1 | . . . . . 1 . Unknown Exits Taken 5 | 1 1 1 1 1 . . Scrap Searched . | . . . . . . . Spaces Dug . | . . . . . . . Terrain Destroyed 19 | 4 . 13 . . . 2 Melee . | . . . . . . . Projectile . | . . . . . . . AOE 19 | 4 . 13 . . . 2 Terrain Rammed . | . . . . . . . Walls Destroyed . | . . . . . . . Machines Disabled . | . . . . . . . Actions | -11 -10 -9 -9 -8 -7 -7 --------- Run | Yrd Mat Mat Sto Mat Fac DSF Total 1192 | 76 97 172 387 226 113 121 Wait 166 | . 3 6 67 48 35 7 Move 867 | 55 93 131 279 147 71 91 Hop . | . . . . . . . Pick Up 14 | 4 . 2 4 2 1 1 Fast Attach 24 | 7 1 5 . 4 . 7 Attach 16 | 1 . 1 3 3 5 3 Detach 9 | 2 . 2 . 3 1 1 Swap . | . . . . . . . Drop 3 | 1 . 2 . . . . Fire 75 | 6 . 23 33 12 . 1 Melee 16 | . . . 1 6 . 9 Ram . | . . . . . . . Kick 1 | . . . . 1 . . Crush 1 | . . . . . . 1 Escape Stasis . | . . . . . . . Rewire . | . . . . . . . Trap . | . . . . . . . Miscellaneous . | . . . . . . . Route ------- -11/Scrapyard -10/Materials -9/Materials -9/Storage -8/Materials -7/Factory -7/DSF (discovered 1 exit: [*Fac]) History --------- Turn | Location | Event 7 | -11/Scrapyard | Discovered new exit (range 16) 98 | -11/Scrapyard | Entered Materials 99 | -10/Materials | Met a group of wandering Federalists 195 | -10/Materials | Discovered new exit (range 17) 215 | -10/Materials | Entered another Materials area 215 | -9/Materials | Evolved 2 slots: Propulsion x1, Utility x1 328 | -9/Materials | Build established: Mutant 375 | -9/Materials | Discovered new exit (range 18) 452 | -9/Materials | Entered Storage 819 | -9/Storage | Garrison activated, responded to threat 872 | -9/Storage | Core integrity fell below 50% 904 | -9/Storage | Lost 4 parts (1p2n1w) 943 | -9/Storage | Discovered new exit (range 16) 961 | -9/Storage | Entered Materials 961 | -8/Materials | Evolved 2 slots: Propulsion x1, Utility x1 1212 | -8/Materials | Discovered new exit (range 11) 1249 | -8/Materials | Entered Factory 1249 | -7/Factory | Evolved 2 slots: Propulsion x1, Utility x1 1269 | -7/Factory | Lost 4 parts (1p2n1w) 1369 | -7/Factory | Identified exit to DSF 1378 | -7/Factory | Entered DSF 1440 | -7/DSF | Additional patrols routed to DSF 1477 | -7/DSF | Lost 5 parts (1p2n2w) 1505 | -7/DSF | Core integrity fell below 50% 1516 | -7/DSF | Core integrity fell below 20% 1538 | -7/DSF | Discovered new exit (range 14) 1566 | -7/DSF | Destroyed by X-57 Shotgunner with High-powered Shotgun Last Messages --------------- Critical hit (Blast). Knocked back. Critical hit (Burn: +37). Penetrated by Slug. Critical hit (Burn: +37). Knocked back. VSS Leg destroyed. Critical hit (Burn: +37). EXIT=FOUND Acquired Adv. Treads. C-30 ARC bursts open, deploying its payload. S-27 Virus unfolds itself. Acquired Adv. Treads. Hrd. Medium Armor Plating destroyed. S-27 Virus destroyed. ALERT: Suspicious intruders detected, dispatching Specialist reinforcements to area. Slammed into S-27 Virus. Acquired 18 matter. Acquired Med. Treads. Map ----- +----------------------------------------------------+ | ^ [ % #????????????????????? | | ^^ % #????????????????????? | | ##!!# "## %["##????????????????????? | | ##!!# #"# % ###????????????????????? | | #########= % #????????????????????? | | !#??????# #????????????????????? | | !#??????#== % #????????????????????? | | ##??????#"" "##????????????????????? | | #??????#!! !!#????????????????????? | | #??????#!! !!#????????????????????? | | #??????#!! !!#????????????????????? | | ##??????## "################??????? | | ?????????##% #!!!# ## #??????? | | ??? #!!!## %"#!!!# ## #??????? | | #??????? | | H #??????? | | #??????? | | # #!!!## ##!!!# ## #??????? | | ? #!!!### ###!!!# ## #??????? | | ??#####???# #?########## g###??????? | | ?????????!! !????????#= #???????? | | ????????#!! !????????#= g #???????? | | ????????#!! !????????#==s #???????? | | ????????### #????????###x ##???????? | | ?????????? ?????????#=s%s=#???????? | | ?????????? ?????????#=@ =#???????? | | ????????? ?????????###x ##???????? | | ?????????## ????????????# #????????? | | ???????????? ???????????? ""???????? | | ????????????????????????? """??????? | | ????????????????????????? %<""##?????? | | ?????????????????????????"""""#??????? | | ?????????????????????????"""""#??????? | | ?????????????????????????#"###???????? | | ??????????????????????????"??????????? | | ?????????????????????????????????????? | | ?????????????????????????????????????? | | ?????????????????????????????????????? | | ?????????????????????????????????????? | | ?????????????????????????????????????? | | ?????????????????????????????????????? | | | | | | | | | | | | | | | | | | | +----------------------------------------------------+ Best States ------------- Heat Dissipation 34 Energy Generation 12 Energy Capacity 265 Matter Stores 300 Matter Capacity 300 Sight Range 18 Terrain Scan Density 85 Armor Coverage 225 Evasion (%) 55 Recoil Reduction 2 Offensive Hacking 10 Item Schematics ----------------- None Robot Schematics ------------------ None Fabricated ------------ Nothing Repaired ---------- Nothing Alien Tech Used ----------------- None Achievements -------------- None Challenges ------------ None Game ------ Seed ThiefRemoteRailgun Manual? 0 Play Time 00:17:07 Cumulative 23.1 hours Start 2025.05.05 @ 21:03:50 End 2025.05.05 @ 21:18:48 Sessions 1 Manual Loads 0 Difficulty Rogue Special Mode None Game No. 40 Rogue 40 Adventurer 0 Explorer 0 Win Type - Total 0 Types 0/0/0/0/0/0/0/0/0/0 Lore% 8 Gallery% 28 Achievement% 28 Wizard Run 0 Options --------- Layout 1 ASCII 0 Keyboard 1 Movement Numpad Keybinds 0 Fullscreen 1 Font 32/SmallcapsGlow Map View 50x35 Zoom Use 0% Tactical HUD 0 Map Filters NONE Filters NONE Steam 1 RUN: e548d38c-2e9b-4133-8366-6e2f394129a7